Cogmind - Beta 14 @@@ ROGUE MODE // 2024.10.12 @ 22:28:35 Player: APerTAS Result: Core destroyed Performance ------------- Evolutions (3) 1500 Regions Visited (6) 1200 Robots Destroyed (53) 265 Value Destroyed (1550) 1550 Prototype IDs (2) 40 Alien Tech Used (0) 0 Bonus (-540) -540 TOTAL SCORE: 4015 Bonus ------- High Alert Combat Kills 112 Aligned with FarCom 300 Friendly Fire -952 Cogmind --------- Core Integrity 0/700 Matter 178/300 Energy 100/100 System Corruption 11% Temperature Cool (0) Movement Core (50) Location -7/Factory Parts ------- > --- POWER (1) -------- (None) > --- PROPULSION (4) --- (None) > --- UTILITY (5) ------ (None) > --- WEAPON (3) ------- (None) > --- INVENTORY (5) ---- Light Ion Engine Aluminum Leg Carbon-fiber Leg Light Assault Rifle Powered Hammer Peak State ------------ > --- POWER ------------ Micro Nuclear Core > --- PROPULSION ------- Flying Fortress v7 > --- UTILITY ---------- Improved Cooling System Improved Melee Analysis Suite Transmission Jammer Improved Light Armor Plating > --- WEAPON ----------- Gauss Rifle Great Maul Powered Hammer > --- INVENTORY -------- Light Ion Engine Aluminum Leg Carbon-fiber Leg Light Assault Rifle Powered Hammer [Rating: 63] Favorites ----------- Power Light Ion Engine Engine Light Ion Engine Power Core Micro Nuclear Core Propulsion Aluminum Leg Treads Light Treads Leg Aluminum Leg Flight Unit Flying Fortress v7 Utility Heat Sink Device Heat Sink Processor Improved Melee Analysis Suite Protection Improved Light Armor Plating Weapon Light Assault Rifle Energy Gun Small Laser Ballistic Gun Light Assault Rifle Launcher Rocket Launcher Impact Weapon Great Maul Build | -11 -10 -10 -10 -9 -8 -7 ------- Run | Yrd Mat Min Exi Min Mat Fac Slots Evolved 6 | . . . . . 4 2 Power . | . . . . . . . Propulsion 2 | . . . . . 2 . Utility 3 | . . . . . 2 1 Weapon 1 | . . . . . . 1 Parts Attached 29 | 6 6 3 1 . 4 9 Power 6 | 1 1 1 1 . 1 1 Engine 5 | 1 1 1 1 . 1 . Core 1 | . . . . . . 1 Reactor . | . . . . . . . Propulsion 5 | 2 1 1 . . 1 . Treads 2 | 2 . . . . . . Leg 2 | . 1 1 . . . . Wheel . | . . . . . . . Hover . | . . . . . . . Flight 1 | . . . . . 1 . Utility 6 | . 2 . . . 1 3 Device 4 | . 2 . . . . 2 Storage . | . . . . . . . Processor 1 | . . . . . . 1 Hackware . | . . . . . . . Protection 1 | . . . . . 1 . Artifact . | . . . . . . . Weapon 12 | 3 2 1 . . 1 5 Energy Gun 3 | 1 2 . . . . . Energy Cannon . | . . . . . . . Ballistic Gun 6 | 2 . . . . 1 3 Ballistic Cannon . | . . . . . . . Launcher 1 | . . 1 . . . . Special Weapon . | . . . . . . . Impact Weapon 2 | . . . . . . 2 Slashing Weapon . | . . . . . . . Piercing Weapon . | . . . . . . . Special Melee Weapon . | . . . . . . . Unidentified Prototypes 2 | . . . . . 1 1 Parts Lost 8 | . 3 2 . . . 3 Power 1 | . 1 . . . . . Propulsion 1 | . 1 . . . . . Utility 2 | . . 1 . . . 1 Weapon 4 | . 1 1 . . . 2 Highest Loss Streak 2 | . 2 1 . . . 2 To Critical Strikes . | . . . . . . . Average Slot Usage (%) 71 | . 62 85 85 85 49 59 Engine 9 | . 7 14 14 14 9 4 Treads 3 | . 23 . . . . . Leg 10 | . . 20 28 28 . . Flight 2 | . . . . . 9 6 Device 12 | . 2 22 14 14 9 9 Processor 2 | . . . . . . 6 Protection 2 | . . . . . 4 6 Energy Gun 3 | . 4 11 . . . . Ballistic Gun 14 | . 23 14 14 14 9 10 Launcher 5 | . . 2 14 14 9 5 Impact Weapon 1 | . . . . . . 3 Peak Build Rating 63 | 5 7 13 13 12 44 63 Average Rating 23 | 4 4 8 12 12 41 51 On Entrance 13 | . 5 6 13 12 12 44 Naked Turns 19 | . . . . . . 19 Heaviest Build 25 | 7 7 15 15 9 16 25 Greatest Support 50 | 40 40 25 25 25 50 50 Greatest Overweight (x) 1 | . . 1 . . . . Average Overweight (x) . | . . . . . . . Largest Inventory Capacity 5 | 5 5 5 5 5 5 5 Average Capacity 5 | 5 5 5 5 5 5 5 Most Carried 5 | 4 5 5 5 5 5 5 Average Carried 4 | 2 4 4 4 5 4 4 Final Capacity 5 | 5 5 5 5 5 5 5 Final Carried 5 | 4 5 4 5 5 5 5 Class Distribution -------------------- 46% | Mutant 35% | Scavenger-Mutant 17% | Skirmisher Dominant Class ---------------- Mutant | -10/Materials Scavenger-Mutant | -10/Mines Scavenger-Mutant | -10/Exiles Mutant | -9/Mines Mutant | -8/Materials Skirmisher | -7/Factory Resources | -11 -10 -10 -10 -9 -8 -7 ----------- Run | Yrd Mat Min Exi Min Mat Fac Matter Collected 951 | 260 125 109 . . 54 403 Remotely . | . . . . . . . Salvage Created 1554 | . 475 337 . . 100 642 Parts 79 | . 19 26 . . 5 29 Haulers Intercepted 1 | . . . . . . 1 Recyclers Shooed 2 | . . 2 . . . . Parts Field Recycled . | . . . . . . . Retrieved Matter . | . . . . . . . Parts Self-Destructed . | . . . . . . . Prevented . | . . . . . . . Kills | -11 -10 -10 -10 -9 -8 -7 ------- Run | Yrd Mat Min Exi Min Mat Fac Combat Hostiles Destroyed 34 | . 8 8 . . 1 17 Melee 1 | . . . . . . 1 Guns 17 | . 8 6 . . . 3 AOE 12 | . . 2 . . 1 9 Classes Destroyed 10 | . 3 1 . . 2 4 Worker 7 | . 3 3 . . . 1 Builder 4 | . . . . . 2 2 Hauler 1 | . . . . . . 1 Recycler 2 | . 1 1 . . . . Operator 1 | . . . . . . 1 Swarmer 8 | . . 6 . . . 2 Grunt 21 | . 8 2 . . 3 8 Sentry 3 | . . . . . 1 2 Hunter 4 | . . . . . . 4 Programmer 1 | . . . . . . 1 Thug 1 | . . 1 . . . . Best Kill Streak 5 | . 4 3 . . 3 5 Combat Bots Only 4 | . 2 3 . . 1 4 Max Kills in Single Turn 5 | . 1 2 . . 5 2 Gunslinging 1 | . . 1 . . . . Exploded 2 | . . 1 . . 1 2 Melee 1 | . . . . . . 1 Uniques/NPCs Destroyed . | . . . . . . . Combat | -11 -10 -10 -10 -9 -8 -7 -------- Run | Yrd Mat Min Exi Min Mat Fac Hostile Shots Fired 347 | . 63 45 . . 8 231 Missed 158 | . 20 17 . . 4 117 Damage Taken 2775 | . 544 319 . . 210 1702 Core 970 | . 109 112 . . 47 702 Absorbed by Shields . | . . . . . . . Core Remaining (%) 67 | 100 . . . 11 91 . Volleys Fired 132 | . 61 37 . . 6 28 Largest 3 | . 2 2 . . 2 3 Hottest 84 | . 60 60 . . 56 84 Shots Fired 263 | . 118 72 . . 12 61 Gun 236 | . 118 70 . . 6 42 Cannon . | . . . . . . . Launcher 27 | . . 2 . . 6 19 Special . | . . . . . . . Kinetic 190 | . 105 37 . . 6 42 Thermal 46 | . 13 33 . . . . Explosive 27 | . . 2 . . 6 19 Electromagnetic . | . . . . . . . Robot Hit Streak 15 | . 15 5 . . 4 10 Robot Miss Streak 6 | . 6 5 . . 1 3 Penetration Max . | . . . . . . . Secondary Targets 4 | . 1 3 . . . . Max Gunslinging Chain 1 | . 1 1 . . . . Shots Hit Robots 165 | . 65 34 . . 9 57 Core Hits 94 | . 30 22 . . 7 35 Critical Kills 1 | . . . . . . 1 Critical Parts Destroyed 5 | . 1 1 . . . 3 Critical Strikes 6 | . 1 1 . . . 4 Destroy 3 | . 1 1 . . . 1 Smash 3 | . . . . . . 3 Melee Attacks 27 | . . . . . . 27 Impact 27 | . . . . . . 27 Slashing . | . . . . . . . Piercing . | . . . . . . . Sneak Attacks 1 | . . . . . . 1 Combat Hostiles . | . . . . . . . Follow-up Attacks . | . . . . . . . Damage Inflicted 4571 | . 496 510 . . 850 2715 Guns 1264 | . 496 335 . . 72 361 Cannons . | . . . . . . . Explosions 2224 | . . 175 . . 778 1271 Melee 987 | . . . . . . 987 Ramming 96 | . . . . . . 96 Kinetic 938 | . 400 105 . . 72 361 Thermal 371 | . 96 275 . . . . Explosive 2179 | . . 130 . . 778 1271 Electromagnetic . | . . . . . . . Impact 987 | . . . . . . 987 Slashing . | . . . . . . . Piercing . | . . . . . . . Highest Corruption 11 | . . . . . . 11 Average Corruption 1 | . . . . . . 1 Corruption Purged . | . . . . . . . Corruption Blocked . | . . . . . . . Effects 7 | . . . . . . 7 Message Errors 1 | . . . . . . 1 Matter Fused 2 | . . . . . . 2 Heat Flow Errors 1 | . . . . . . 1 Parts Fused 1 | . . . . . . 1 Data Loss (minor) 1 | . . . . . . 1 Data Loss (major) 1 | . . . . . . 1 Overload Shots . | . . . . . . . Overflow Damage 300 | . . 38 . . 35 227 Projectiles . | . . . . . . . Explosions 91 | . . 38 . . 35 18 Melee 209 | . . . . . . 209 Knockbacks 7 | . . . . . . 7 Impact 7 | . . . . . . 7 Kinetic . | . . . . . . . Secondary . | . . . . . . . Self-Inflicted Damage 411 | . . . . . 151 260 Shots 7 | . . . . . 3 4 Rammed . | . . . . . . . Targets Rammed . | . . . . . . . Kicked . | . . . . . . . Crushed . | . . . . . . . Highest Temperature 193 | . 32 13 . . 10 193 Average Temperature 14 | . 9 6 . . 4 31 Received Heat Transfer 717 | . 309 78 . . 9 321 Siege Activations . | . . . . . . . Robots Corrupted 5 | . . . . . . 5 Combat Hostiles 4 | . . . . . . 4 Parts Fried 3 | . . . . . . 3 Impact Corruptions 10 | . . . . . . 10 Robots Melted . | . . . . . . . Combat Hostiles . | . . . . . . . Parts Melted . | . . . . . . . Heat Transferred 800 | . 225 575 . . . . Parts Sabotaged . | . . . . . . . Parts Stolen . | . . . . . . . Parts Stripped . | . . . . . . . Power Chain Reactions . | . . . . . . . Alert | -11 -10 -10 -10 -9 -8 -7 ------- Run | Yrd Mat Min Exi Min Mat Fac Peak Influence 896 | . 205 239 . . 161 896 Initial 79 | . . 79 . . . 72 Average 202 | . 89 161 . . 61 356 Maximum Alert Level 3 | . 1 1 . . . 3 Low Security (%) 57 | 100 84 60 . 100 100 28 Level 1 26 | . 15 39 . . . 30 Level 2 12 | . . . . . . 33 Level 3 2 | . . . . . . 7 Level 4 . | . . . . . . . Level 5 . | . . . . . . . High Security . | . . . . . . . Max Security . | . . . . . . . Squads Dispatched 7 | . 3 . . . . 4 Investigation 4 | . 1 . . . . 3 Extermination . | . . . . . . . Reinforcement 3 | . 2 . . . . 1 Assault . | . . . . . . . Garrison . | . . . . . . . Intercept . | . . . . . . . Searches Triggered . | . . . . . . . Construction Impeded 1 | . . . . . . 1 Haulers Reinforced . | . . . . . . . Active Scanning Responses . | . . . . . . . Cargo Convoy Interrupts . | . . . . . . . Stealth | -11 -10 -10 -10 -9 -8 -7 --------- Run | Yrd Mat Min Exi Min Mat Fac Distress Signals 2 | . 2 . . . . . Communications Jammed 1 | . . . . . . 1 Distress Signals 1 | . . . . . . 1 Times Spotted 49 | . 14 8 . . 2 25 Peak Tracking Total 6 | . 5 3 . . 1 6 Tactical Retreats 3 | . 1 . . . . 2 Traps | -11 -10 -10 -10 -9 -8 -7 ------- Run | Yrd Mat Min Exi Min Mat Fac Traps Triggered 4 | . . 1 . . . 3 Indirectly . | . . . . . . . Trap Hack Attempts . | . . . . . . . Triggered . | . . . . . . . Disarmed . | . . . . . . . Reprogrammed . | . . . . . . . Reused . | . . . . . . . Traps Extracted . | . . . . . . . Installed 3 | . . 3 . . . . Triggered . | . . . . . . . Objects Rigged 14 | . . . . . . 14 Exploded 2 | . . . . . . 2 Machines | -11 -10 -10 -10 -9 -8 -7 ---------- Run | Yrd Mat Min Exi Min Mat Fac Machines Disabled 18 | . . 1 . . 3 14 Max in Single Turn 4 | . . 1 . . 2 4 Machines Repaired . | . . . . . . . Machines Dismantled . | . . . . . . . Machines Sabotaged . | . . . . . . . Overloaded Fab Kills . | . . . . . . . Hacking | -11 -10 -10 -10 -9 -8 -7 --------- Run | Yrd Mat Min Exi Min Mat Fac Machines Accessed 11 | . 1 1 1 . 1 7 Terminals 8 | . 1 . . . 1 6 Fabricators . | . . . . . . . Repair Stations . | . . . . . . . Recycling Units . | . . . . . . . Scanalyzers 1 | . . . . . . 1 Garrison Access . | . . . . . . . Total Hacks 20 | . 4 1 1 . 2 12 Successful 10 | . 1 1 1 . 2 5 Failed 10 | . 3 . . . . 7 Catastrophic 5 | . . . . . . 5 Database Lockouts . | . . . . . . . Manual 15 | . 4 . 1 . 2 8 Terminals 16 | . 4 . . . 2 10 Fabricators . | . . . . . . . Repair Stations . | . . . . . . . Recycling Units . | . . . . . . . Scanalyzers 2 | . . . . . . 2 Garrison Access . | . . . . . . . Terminal Hacks 4 | . . 1 1 . 1 1 Record 2 | . . . 1 . . 1 Open Door 1 | . . 1 . . . . Hauler Manifests 1 | . . . . . 1 . Fabricator Hacks . | . . . . . . . Repair Station Hacks . | . . . . . . . Recycling Unit Hacks . | . . . . . . . Scanalyzer 2 | . . . . . . 2 Insert Component 1 | . . . . . . 1 Analyze 1 | . . . . . . 1 Garrison Access Hacks . | . . . . . . . Unauthorized Hacks 4 | . 1 . . . 1 2 Terminals 4 | . 1 . . . 1 2 Botnet 3 | . 1 . . . 1 1 Detonate 1 | . . . . . . 1 Fabricators . | . . . . . . . Repair Stations . | . . . . . . . Recycling Units . | . . . . . . . Scanalyzers . | . . . . . . . Garrison Access . | . . . . . . . Data Cores Recovered . | . . . . . . . Used . | . . . . . . . Hacking Detections 7 | . 1 . . . . 6 Full Trace Events 4 | . 1 . . . . 3 Feedback Events . | . . . . . . . Feedback Blocked . | . . . . . . . Robot Schematics Acquired . | . . . . . . . Robots Built . | . . . . . . . Authchips . | . . . . . . . Time . | . . . . . . . Total Robot Build Rating . | . . . . . . . Part Schematics Acquired 1 | . . . . . . 1 Parts Built . | . . . . . . . Authchips . | . . . . . . . Time . | . . . . . . . Total Part Build Rating . | . . . . . . . Parts Repaired . | . . . . . . . Time . | . . . . . . . Parts Recycled . | . . . . . . . Recycled Matter . | . . . . . . . Retrieved Matter . | . . . . . . . Retrieved Components . | . . . . . . . Parts Scanalyzed 1 | . . . . . . 1 Part Schematics Acquired 1 | . . . . . . 1 Parts Damaged 1 | . . . . . . 1 Bothacking | -11 -10 -10 -10 -9 -8 -7 ------------ Run | Yrd Mat Min Exi Min Mat Fac Used RIF Installer . | . . . . . . . Robots Hacked . | . . . . . . . Non-combat . | . . . . . . . Combat . | . . . . . . . Robot Hacks Applied . | . . . . . . . Relay Couplers Released . | . . . . . . . Fabnet Peak Effective % . | . . . . . . . Robots Rewired . | . . . . . . . Allies Hacked . | . . . . . . . Hacks Repelled . | . . . . . . . Allies | -11 -10 -10 -10 -9 -8 -7 -------- Run | Yrd Mat Min Exi Min Mat Fac Total Allies 3 | . . . . 3 . . Largest Group 3 | . . . . 3 3 . Highest-Rated Group 40 | . . . . 40 40 . Highest-Rated Ally 16 | . . . . 16 16 . Total Orders . | . . . . . . . Ally Attacks . | . . . . . . . Total Damage . | . . . . . . . Kills . | . . . . . . . Allies Corrupted . | . . . . . . . Allies Melted . | . . . . . . . Intel | -11 -10 -10 -10 -9 -8 -7 ------- Run | Yrd Mat Min Exi Min Mat Fac Robot Analysis Total . | . . . . . . . Derelict Logs Recovered 3 | . . 1 . 2 . . Drone Launches . | . . . . . . . Drone Recoveries . | . . . . . . . Exploration | -11 -10 -10 -10 -9 -8 -7 ------------- Run | Yrd Mat Min Exi Min Mat Fac Turns Passed 1893 | 83 288 496 249 88 63 626 Spaces Moved 1628 | 46 79 321 205 74 73 830 Core 14 | 2 . . . . . 12 Treads 110 | 44 66 . . . . . Legs 613 | . 13 321 205 74 . . Wheels . | . . . . . . . Hover . | . . . . . . . Flight 891 | . . . . . 73 818 Fastest Speed 50 | 50 120 120 120 120 50 50 Average Speed 83 | 155 153 120 120 120 50 50 Slowest Speed 190 | 160 160 190 120 120 50 50 Overloaded Moves . | . . . . . . . Propulsion Burnouts . | . . . . . . . Robots Hopped 2 | . . . . . . 2 Cave-ins Triggered . | . . . . . . . Exploration Rate (%) 32 | 3 23 77 60 30 11 22 Regions Visited 6 Branch Regions 3 Pre-discovered Areas 1 | . . . 1 . . . Known Exits Taken 1 | . . . . . 1 . Unknown Exits Taken 5 | 1 1 1 1 1 . . Scrap Searched 1 | . . 1 . . . . Spaces Dug 11 | . . . . . . 11 Terrain Destroyed 315 | . . 19 . . 70 226 Melee . | . . . . . . . Projectile 1 | . . . . . . 1 AOE 314 | . . 19 . . 70 225 Terrain Rammed 14 | . . . . . . 14 Walls Destroyed . | . . . . . . . Machines Disabled . | . . . . . . . Actions | -11 -10 -10 -10 -9 -8 -7 --------- Run | Yrd Mat Min Exi Min Mat Fac Total 1871 | 55 146 366 209 73 86 936 Wait 22 | . . . . . . 22 Move 1618 | 45 78 320 204 73 72 826 Hop 2 | . . . . . . 2 Pick Up 10 | 4 . 1 1 . 2 2 Fast Attach 17 | 5 5 1 . . 1 5 Attach 3 | . . 1 . . 1 1 Detach . | . . . . . . . Swap 9 | 1 1 1 1 . 2 3 Drop 13 | . 1 2 3 . 2 5 Fire 132 | . 61 37 . . 6 28 Melee 27 | . . . . . . 27 Ram 13 | . . . . . . 13 Kick . | . . . . . . . Crush . | . . . . . . . Escape Stasis 2 | . . . . . . 2 Rewire . | . . . . . . . Trap 3 | . . 3 . . . . Miscellaneous . | . . . . . . . Route ------- -11/Scrapyard -10/Materials -10/Mines (discovered 2 exits: [*Mat] / *Exi) -10/Exiles -9/Mines -8/Materials (discovered 3 exits: *Fac x2 / Sto) -7/Factory History --------- Turn | Location | Event 2 | -11/Scrapyard | Met Revision 17 7 | -11/Scrapyard | Discovered new exit (range 14) 84 | -11/Scrapyard | Entered Materials 304 | -10/Materials | Build established: Mutant 352 | -10/Materials | Discovered new exit (range 12) 372 | -10/Materials | Entered Mines 476 | -10/Mines | Core integrity fell below 50% 524 | -10/Mines | Found a hidden stash of uninstalled traps 555 | -10/Mines | Learned location of 1 exit from Materials 627 | -10/Mines | Build established: Scavenger-Mutant 636 | -10/Mines | Met a Derelict who couldn't figure out how to use a Trap Extractor 728 | -10/Mines | Received a Rocket Launcher from a helpful Derelict 759 | -10/Mines | Discovered new exit (range 6) 775 | -10/Mines | Core integrity fell below 20% 862 | -10/Mines | Deemed a non-threat by the Exiles lab entrance 863 | -10/Mines | Discovered new exit (range 5) 868 | -10/Mines | Entered Exiles 898 | -10/Exiles | Met 8R-AWN 920 | -10/Exiles | Met EX-HEX 952 | -10/Exiles | Met EX-BIN 967 | -10/Exiles | Aligned with FarCom system 968 | -10/Exiles | Given EX-Vault access code 996 | -10/Exiles | Opened EX-Vault 1002 | -10/Exiles | Found Prototype Flight Unit 1025 | -10/Exiles | Warned to stay clear of 0b10 Research branches 1062 | -10/Exiles | Met EX-DEC 1069 | -10/Exiles | Learned location of Zion (-6) 1105 | -10/Exiles | Discovered new exit (range 10) 1117 | -10/Exiles | Left Exiles lab with Flying Fortress v7 1117 | -10/Exiles | Entered Mines 1158 | -9/Mines | Learned Materials security intel 1173 | -9/Mines | Assisted by bots powering up and referring to "LRC-V3" 1191 | -9/Mines | Discovered new exit (range 8) 1205 | -9/Mines | Entered Materials 1205 | -8/Materials | Accompanied by 3 allies 1205 | -8/Materials | Evolved 4 slots: Propulsion x2, Utility x2 1206 | -8/Materials | Identified exit to Storage 1206 | -8/Materials | Identified Flying Fortress v7 1207 | -8/Materials | Identified exit to Factory 1264 | -8/Materials | Discovered exit to Factory (range 9) 1268 | -8/Materials | Entered Factory 1268 | -7/Factory | Evolved 2 slots: Utility x1, Weapon x1 1274 | -7/Factory | Lost 3 allies 1571 | -7/Factory | Build established: Skirmisher 1875 | -7/Factory | Released all parts (7) 1881 | -7/Factory | System corruption reached 10% 1882 | -7/Factory | Core integrity fell below 50% 1891 | -7/Factory | Core integrity fell below 20% 1894 | -7/Factory | Core destroyed Last Messages --------------- 01880_ Slammed into Nuclear Reactor. 01880_ Destabilizing: System corrupted (+1). 01881_ Nuclear Reactor explodes. 01881_ Destroyed VTOL Module. 01881_ S-27 Virus destroyed. 01883_ The unstable cave ceiling collapses. 01885_ Slammed into Wall. 01886_ Destabilizing: System corrupted (+1). 01887_ Slammed into Wall. 01888_ Destabilizing: Core damaged (-7). 01889_ Slammed into Wall. 01889_ Destabilizing: Core damaged (-7). 01890_ Slammed into Wall. 01890_ Destabilizing: Core damaged (-14). 01891_ System corrupted: Substantial component data lost. 01891_ Slammed into Wall. 01892_ Destabilizing: Core damaged (-28). 01893_ Slammed into Wall. 01893_ Destabilizing: Core damaged (-35). 01894_ Slammed into Wall. Map ----- +----------------------------------------------------+ | ?????????????????????????????????????????????????? | | ?????????????????????????????????????????????????? | | ?????????????????????????????????????????????????? | | ?????????????????????????????????????????????????? | | ?????????????????????????????????????????????????? | | ?????????????????????????????????????????????????? | | ?????????????????????????????????????????????????? | | ?????????????????????????????????????????????????? | | ?????????????????????????????????????????????????? | | ?????????????????????????????????????????????????? | | ?????????????????????????????????????????????????? | | ?????????????????????????????????????????????????? | | ?????????????????????????????????????????????????? | | ?????????????????????????????????????????????????? | | ?????????????????????????????????????????????????? | | ?????????????????????????????????????????????????? | | ?????????????????????????????????????????????????? | | ?????????????????????????????????????????????????? | | ?????????????????????????????????????????????????? | | ?????????????????????????????????????????????????? | | ???##########????????????????????????????????????? | | ? ##""" """####?????????????????????????????????? | | #?????????????????????????????????? | | # ########??????????????????????????? | | ## # ############???????????????? | | # @ #???????????????? | | # ! #???????????????? | | = #???????????????? | | % g #???????????????? | | =#???????????????? | | s #???????????????? | | ] [ s #???????????????? | | " %# !#???????????????? | | "" [ #+########???????????????? | | ###"" """"";#### = ??????????????? | | % */! ??????????????? | | ######!! ??????????????? | | #????# ##+########???????????????? | | #????#######?????????????????????????? | | #????????????????????????????????????? | | #+#######+###????????????????????????????????????? | | # #???????????????????????????????????? | | + #???????????????????????????????????? | | # #???????????????????????????????????? | | # #???????????????????????????????????? | | # """ """ #???????????????????????????????????? | | # """ """ #???????????????????????????????????? | | # """ """ #???????????????????????????????????? | | # ????#???????????????????????????????????? | | # """?"""????????????????????????????????????????? | +----------------------------------------------------+ Best States ------------- Heat Dissipation 71 Energy Generation 18 Energy Capacity 250 Matter Stores 300 Matter Capacity 300 Sight Range 16 Terrain Scan Density 10 Jamming Range 12 Armor Coverage 150 Evasion (%) 60 Melee Accuracy 6 Recoil Reduction 2 Item Schematics ----------------- Lgt. Angular Momentum Engine | -7/Factory | Scanalyzed Robot Schematics ------------------ None Fabricated ------------ Nothing Alien Tech Used ----------------- None Achievements -------------- None Challenges ------------ None Game ------ Seed HardcellCentriumAxe Manual? 0 Play Time 00:21:52 Cumulative 33.2 hours Start 2024.10.12 @ 22:10:37 End 2024.10.12 @ 22:28:35 Sessions 1 Manual Loads 0 Difficulty Rogue Special Mode None Game No. 125 Rogue 125 Adventurer 0 Explorer 0 Win Type - Total 0 Types 0/0/0/0/0/0/0/0/0 Lore% 44 Gallery% 30 Achievement% 33 Wizard Run 0 Options --------- Layout 0 ASCII 0 Keyboard 0 Movement Arrows Keybinds 0 Fullscreen 1 Font 24/Terminus Map View 64x52 Zoom Use 0% Tactical HUD 1 Map Filters NONE Filters NONE Steam 1 RUN: 8b8ce633-880c-43cc-bbd0-2be5aa943aea